 Dungeon Crawl Stone Soup version 0.26-a0-597-gb535b0901c (webtiles) character file.

Game seed: 1487426406380060780

71 Eifo4Ohj9gu9Dob0ohLe the Skirmisher (level 4, -4/40 HPs)
             Began as a Draconian Berserker on Aug 27, 2020.
             Was a Believer of Trog.
             Slain by a gnoll
             ... wielding a +0 whip
              (12 damage)
             ... on level 2 of the Dungeon.
             The game lasted 00:04:29 (1448 turns).

Eifo4Ohj9gu9Dob0ohLe the Skirmisher (DrBe)          Turns: 1448, Time: 00:04:31

Health: -4/40      AC:  5    Str: 21    XL:     4   Next: 5%
Magic:  4/4        EV: 13    Int:  7    God:    Trog [**....]
Gold:   95         SH:  0    Dex: 10    Spells: 3/3 levels left

rFire    . . .     SeeInvis .   a - +0 short sword
rCold    . . .     Faith    .   (no shield)
rNeg     . . .     Spirit   .   (armour unavailable)
rPois    .         Reflect  .   (helmet restricted)
rElec    .         Harm     .   (no cloak)
rCorr    .                      (no gloves)
MR       .....                  (no boots)
Stlth    +.........             (no amulet)
HPRegen  0.13/turn              (no ring)
MPRegen  0.09/turn              (no ring)

@: slowed, very slow
A: unfitting armour, cold-blooded, AC +5
a: Berserk, Trog's Hand, Renounce Religion


You were on level 2 of the Dungeon.
You worshipped Trog.
Trog was pleased with you.
You visited 1 branch of the dungeon, and saw 2 of its levels.

You collected 95 gold pieces.

Inventory:

Hand Weapons
 a - a +0 short sword (weapon)
Armour
 n - a cursed +0 buckler
Scrolls
 c - a scroll of enchant armour {unknown}
 d - a scroll of enchant weapon {unknown}
 e - a scroll of fear {unknown}
 f - a scroll of amnesia {unknown}
 g - 2 scrolls of identify {unknown}
 h - a scroll of blinking {unknown}
 k - a scroll of teleportation {unknown}
Potions
 b - a potion of resistance {unknown}
 i - a potion of might {unknown}
 j - 2 potions of magic {unknown}
 l - a potion of curing {unknown}
 m - 2 potions of brilliance {unknown}
 o - a potion of lignification {unknown}


   Skills:
 + Level 4.0 Fighting
 + Level 3.7 Short Blades
 + Level 3.4 Dodging
 + Level 0.3 Stealth


You had 3 spell levels left.
You didn't know any spells.
Your spell library was empty.

Dungeon Overview and Level Annotations

Branches:
Dungeon (2/15)

Altars:
Kikubaaqudgha
Uskayaw


Innate Abilities, Weirdness & Mutations

Your plain brown scales are hard. (AC +5)
You cannot fit into any form of body armour.
You are cold-blooded and may be slowed by cold attacks.


Message History

You hit the gnoll but do no damage.
You tail-slap the gnoll, but do no damage.
The gnoll is moderately wounded.
The gnoll hits you with a +0 whip.
You hit the gnoll but do no damage.
The gnoll is moderately wounded.
The gnoll hits you from afar with a +1 spear of freezing!
The gnoll freezes you. The gnoll closely misses you.
You hit the gnoll.
The gnoll is moderately wounded.
The gnoll hits you from afar with a +1 spear of freezing.
You feel yourself slow down. The gnoll freezes you. The gnoll misses you.
You barely miss the gnoll.
The gnoll is moderately wounded.
The gnoll hits you from afar with a +1 spear of freezing.
* * * LOW HITPOINT WARNING * * *
The gnoll freezes you.
* * * LOW HITPOINT WARNING * * *
The gnoll hits you with a +0 whip!
You die...

### ######### #..
......... #.# ########..
#########.# #.........
........#.#######.######.#
#.....†.....# #.#
###@##.#.#..######.#
.....gg...###...........
##.###..##.#.##.###.....
#..# .# #.# ##...# #..#
### #.####...# #..#
#......... #..# ######....
#..# #......## ###
#.###>##


You could see 2 gnolls.

Vanquished Creatures
  2 gnolls (D:2)
  A worm (D:2)
  3 leopard geckos
  5 bats
  3 giant cockroaches
  4 goblins (D:1)
  4 hobgoblins
  4 jackals (D:2)
  3 quokkas (D:2)
  4 frilled lizards (D:1)
  6 kobolds (D:1)
  4 rats
43 creatures vanquished.

Notes
Turn   | Place    | Note
-------+----------+-------------------------------------------
     0 | D:1      | Eifo4Ohj9gu9Dob0ohLe the Draconian Berserker began the
                  | quest for the Orb.
     0 | D:1      | Reached XP level 1. HP: 19/19 MP: 1/1
    73 | D:1      | Reached XP level 2. HP: 26/26 MP: 2/2
   529 | D:1      | Reached ** piety under Trog
   637 | D:1      | Reached XP level 3. HP: 30/33 MP: 3/3
  1030 | D:2      | Found a hide-covered altar of Uskayaw.
  1174 | D:2      | Found an ancient bone altar of Kikubaaqudgha.
  1196 | D:2      | Reached skill level 4 in Fighting
  1440 | D:2      | Reached XP level 4. HP: 40/40 MP: 4/4
  1448 | D:2      | Slain by a gnoll

Illustrated notes

Levels and vault maps discovered:
D:1:      mrwooster_arrival_statue_3, layout_loops_ring, glass_columns_b,
          serial_park_tiny_2
D:2:      layout_loops_ring, old_standard_altar, nicolae_overflow_crystal_walls,
          nicolae_ru_the_path_less_chosen

Skill      XL: |  1  2  3 |
---------------+----------+-----
Dodging        | 3 |  3.4
Fighting       | 4 |  4.0
Short Blades   | |  3.7
Stealth        | |  0.3

Action                   |  1- 3 |  4- 6 || total
-------------------------+-------+-------++-------
Melee: Short sword       |   142 |     8 ||   150
       Tailslap          |    14 |     2 ||    16
Invok: Berserk           |     2 |       ||     2
 Stab: Sleeping          |     1 |       ||     1
Armor: Skin              |    22 |     2 ||    24
Dodge: Dodged            |    94 |     6 ||   100

Table legend: (Time is in decaauts)
 A = Elapsed time spent in this place.
 B = Non-inter-level travel time spent in this place.
 C = Inter-level travel time spent in this place.
 D = Time resting spent in this place.
 E = Time spent auto-exploring this place.
 F = Levels seen in this place.
 G = Mean time per level.
                   A        B        C        D        E       F      G
               +--------+--------+--------+--------+--------+-----+--------+
         Total |   1456 |   1456 |      0 |    341 |    507 |   2 |  728.0 |
       Dungeon |   1456 |   1456 |      0 |    341 |    507 |   2 |  728.0 |
               +--------+--------+--------+--------+--------+-----+--------+

Top non-repeatable levels by time:
     D:1: 761 daAuts
     D:2: 695 daAuts
